 Dungeon Crawl Stone Soup version 0.28-a0-1510-gd0f6b136d3 (webtiles) character file.

Game seed: 4775579653043633638

201 Anon1729 the Slasher (level 5, -2/48 HPs)
             Began as a Minotaur Monk on Jan 16, 2022.
             Was the Champion of Ignis.
             Slain by Eustachio (12 damage)
             ... on level 4 of the Dungeon.
             The game lasted 00:03:26 (4124 turns).

Anon1729 the Slasher (Minotaur Monk)                Turns: 4124, Time: 00:03:27

Health: -2/48      AC:  2    Str: 23      XL:     5   Next: 50%
Magic:  4/4        EV: 12    Int:  7      God:    Ignis [******]
Gold:   119        SH:  0    Dex:  8 (13) Spells: 4/4 levels left

rFire   + + .      SeeInvis .   a - +0 falchion
rCold   x . .      Faith    .   (no shield)
rNeg    . . .      Spirit   .   b - +0 robe
rPois   .          Reflect  .   (helmet restricted)
rElec   .          Harm     .   (no cloak)
rCorr   .          Rampage  .   (no gloves)
Will    .....                   (no boots)
Stlth   ++........              (no amulet)
HPRegen 0.16/turn               k - ring of Besilih {Fire Str+6 Slay+3}
MPRegen 0.09/turn               (no ring)

@: invisible
A: horns 2, retaliatory headbutt
a: Renounce Religion, Fiery Armour, Foxfire Swarm, Rising Flame


You were on level 4 of the Dungeon.
You worshipped Ignis.
Ignis was exalted by your worship.
You visited 1 branch of the dungeon, and saw 4 of its levels.

You collected 119 gold pieces.

Inventory:

Hand Weapons
 a - a +0 falchion (weapon)
Armour
 b - a +0 robe (worn)
Jewellery
 k - the ring of Besilih (left hand) {Fire Str+6 Slay+3}
   (You took it off a hobgoblin on level 3 of the Dungeon)

   [ring of fire]

   It enhances your fire magic.
   Str:       It affects your strength (+6).
   Slay:      It affects your accuracy & damage with ranged weapons and melee
   (+3).
   rF:        It protects you from fire.
   rC:        It makes you vulnerable to cold.
Scrolls
 d - a scroll of magic mapping {unknown}
 e - a scroll of fear {unknown}
 f - a scroll of identify {unknown}
 h - a scroll of torment {unknown}
 j - a scroll of teleportation {unknown}
 l - a scroll of blinking {unknown}
Potions
 g - a potion of brilliance {unknown}
 i - a potion of heal wounds {unknown}
 m - a potion of attraction {unknown}


   Skills:
 + Level 5.2 Fighting
 + Level 5.2 Long Blades
 + Level 3.1 Armour
 - Level 3.5 Dodging
 - Level 1.9 Stealth


You had 4 spell levels left.
You didn't know any spells.
Your spell library contained the following spells:

 Spells                   Type           Power      Damage    Failure   Level
 Magic Dart               Conj           0%         1d3       43%         1
 Searing Ray              Conj           0%         2d4       56%         2
 Fulminant Prism          Conj/Hex       0%         3d6       99%         4


Dungeon Overview and Level Annotations

Branches:
Dungeon (4/15)
 Temple: D:4-7

Altars:
Wu Jian
Ignis

Annotations:
D:4 Dowan, Duvessa, Eustachio


Innate Abilities, Weirdness & Mutations

You have a pair of horns on your head.
You reflexively headbutt those who attack you in melee.


Message History

The bat's corpse disappears in a puff of smoke!
The bat closely misses you. You furiously retaliate!
You headbutt the bat!
You kill the bat!
The bat's corpse disappears in a puff of smoke!
The rat barely misses you.
You hit the rat.
You kill the rat!
The rat's corpse disappears in a puff of smoke!
Eustachio calls on the powers of shadow!
You barely miss Eustachio. Eustachio closely misses you.
You slash Eustachio! Your headbutt misses Eustachio.
Eustachio is lightly wounded.
Eustachio hits you with a +0 falchion!
You miss Eustachio. Your headbutt misses Eustachio.
Eustachio is lightly wounded.
Eustachio closely misses you.
You miss Eustachio.
Eustachio is lightly wounded.
Eustachio hits you but does no damage.
You completely miss Eustachio.
Eustachio is lightly wounded.
Eustachio mumbles some strange words.
You barely miss Eustachio.
Eustachio is lightly wounded.
Eustachio misses you.
You hit Eustachio.
Eustachio is moderately wounded.
Eustachio hits you with a +0 falchion!
* * * LOW HITPOINT WARNING * * *
The crimson imp hits you.
* * * LOW HITPOINT WARNING * * *
The crimson imp blinks!
You barely miss Eustachio. You headbutt Eustachio!
Eustachio is heavily wounded.
Eustachio hits you with a +0 falchion.
* * * LOW HITPOINT WARNING * * *
It was a potion of invisibility.
You fade into invisibility!
Eustachio hits you with a +0 falchion!
You die...

###################
.......@@..........
##########......## #......#
###################......##.#
..................+..........
####.#...##########......##.#
# #.#...# ###...## # #.#...#
#...# # #.##### #...#


You could see Eustachio.

Vanquished Creatures
  A necrophage (D:3)
  3 adders
  4 gnolls
  A worm (D:2)
  2 dart slugs (D:2)
  5 endoplasms
  3 giant cockroaches (D:2)
  2 goblins
  3 hobgoblins
  6 jackals
  6 kobolds
  A quokka (D:1)
  4 ball pythons
  3 bats (D:1)
  4 frilled lizards
  4 rats
52 creatures vanquished.

Notes
Turn   | Place    | Note
-------+----------+-------------------------------------------
     0 | D:1      | Anon1729 the Minotaur Monk began the quest for the Orb.
     0 | D:1      | Reached XP level 1. HP: 19/19 MP: 0/0
   507 | D:1      | Reached XP level 2. HP: 27/27 MP: 1/1
  1312 | D:2      | Reached XP level 3. HP: 23/33 MP: 2/2
  1477 | D:2      | Reached skill level 1 in Armour
  1631 | D:2      | Found a faded altar of an unknown god.
  1643 | D:2      | Prayed at the altar of an unknown god.
  1643 | D:2      | Became a worshipper of Ignis, the Dying Flame
  1643 | D:2      | Reached ****** piety under Ignis
  2231 | D:3      | Reached XP level 4. HP: 32/41 MP: 3/3
  2699 | D:3      | Noticed a necrophage
  2704 | D:3      | Killed a necrophage
  2705 | D:3      | Reached skill level 5 in Fighting
  2705 | D:3      | Reached skill level 5 in Long Blades
  2705 | D:3      | Reached XP level 5. HP: 47/48 MP: 4/4
  2931 | D:3      | Identified the ring of Besilih {Fire Str+6 Slay+3}
  3099 | D:3      | Found an ornate altar of the Wu Jian Council.
  3160 | D:4      | Noticed Duvessa
  3160 | D:4      | Noticed Dowan
  4084 | D:4      | Noticed Eustachio
  4124 | D:4      | Slain by Eustachio

Illustrated notes

Levels and vault maps discovered:
D:1:      dpeg_arrival_signposts, layout_loops_corners
D:2:      layout_loops_cross, shapermc_ecumenical_altar_pompeii
D:3:      layout_basic, pdpol_wu_jian_five_deadly_venoms
D:4:      layout_basic, vehumet_statue, kennysheep_minor_cross,
          minmay_misc_feat_plants, uniq_duvessa, uniq_eustachio

Skill      XL: |  1  2  3  4 |
---------------+-------------+-----
Long Blades    | 4 5 |  5.2
Fighting       | 4 5 |  5.2
Armour         | 1 3 |  3.1
Dodging        | |  3.5
Stealth        | |  1.9

Action                   |  1- 3 |  4- 6 || total
-------------------------+-------+-------++-------
Melee: Falchion          |    73 |    66 ||   139
       Headbutt          |    12 |    15 ||    27
       Punch             |     1 |     1 ||     2
  Use: Potion            |       |     1 ||     1
 Stab: Sleeping          |     4 |     4 ||     8
Armor: Robe              |    19 |    18 ||    37
Dodge: Dodged            |    53 |    60 ||   113

Table legend: (Time is in decaauts)
 A = Elapsed time spent in this place.
 B = Non-inter-level travel time spent in this place.
 C = Inter-level travel time spent in this place.
 D = Time resting spent in this place.
 E = Time spent auto-exploring this place.
 F = Levels seen in this place.
 G = Mean time per level.
                   A        B        C        D        E       F      G
               +--------+--------+--------+--------+--------+-----+--------+
         Total |   4141 |   3991 |    150 |    979 |   2530 |   4 | 1035.2 |
       Dungeon |   4141 |   3991 |    150 |    979 |   2530 |   4 | 1035.2 |
               +--------+--------+--------+--------+--------+-----+--------+

Top non-repeatable levels by time:
     D:3: 1395 daAuts
     D:2: 1306 daAuts
     D:1: 1226 daAuts
     D:4: 212 daAuts
